Map: Carnicería por la supervivencia en Korhal EE

Players

donovan

  • Race: Protoss Protoss
  • League: Bronze

xXkazperXx - Winner!

  • Race: Zerg Zerg
  • League: Bronze

VOD

Have the link to the VOD?

Description

Time

  • Played on: April 10, 2016, 9:39 p.m.
  • Length: 24:19
Show
View Real Time Build Order
Export as new Build Order

donovan Protoss 

Build Orders:  

Get SALT Encoding   

  12  0:07  Probe (Chrono Boost)  
  13  0:18  Probe (Chrono Boost)  
  14  0:36  Assimilator  
  14  0:45  Probe (Chrono Boost)  
  14  0:46  Pylon  
  15  1:04  Probe (Chrono Boost)  
  15  1:07  Gateway  
  16  1:15  Probe (Chrono Boost), Gateway  
  18  1:25  Probe (Chrono Boost)  
  17  1:36  Probe (Chrono Boost)  
  17  1:37  Forge  
  18  1:47  Probe (Chrono Boost)  
  19  1:48  Pylon  
  19  1:52  Assimilator  
  19  1:57  Probe (Chrono Boost)  
  19  2:00  Zealot  
  22  2:06  Zealot  
  24  2:19  Cybernetics Core  
  24  2:33  Pylon, Zealot  
  26  2:37  Probe (Chrono Boost)  
  27  2:48  Probe (Chrono Boost)  
  28  3:00  Twilight Council  
  28  3:07  Warp Gate (Chrono Boost)  
  28  3:09  Stalker  
  28  3:10  Sentry  
  32  3:39  Pylon  
  31  4:00  Adept (Chrono Boost)  
  31  4:02  Adept (Chrono Boost)  
  33  4:14  Stargate  
  33  4:15  Stargate  
  33  4:21  Robotics Facility  
  33  4:26  Pylon, Probe  
  34  4:38  Probe  
  35  4:44  Protoss Ground Weapons Level 1 (Chrono Boost)  
  35  4:50  Probe  
  36  5:06  Charge (Chrono Boost)  
  36  5:26  Pylon  
  36  5:37  Photon Cannon  
  36  5:40  Photon Cannon  
  40  5:51  Void Ray (Chrono Boost)  
  40  6:00  Void Ray (Chrono Boost)  
  44  6:21  Zealot  
  44  6:25  Zealot  
  48  6:36  Gateway  
  48  6:56  Pylon  
  48  6:58  Phoenix (Chrono Boost)  
  48  7:01  Phoenix (Chrono Boost)  
  52  7:11  Gateway  
  52  7:38  Pylon  
  52  7:49  Robotics Bay  
  52  7:54  Templar Archives  
  52  8:16  Nexus  
  52  8:25  Resonating Glaives (Chrono Boost)  
  52  8:26  Pylon  
  52  8:29  Protoss Ground Armor Level 1 (Chrono Boost)  
  52  8:39  Zealot  
  52  8:40  Zealot x3  
  57  8:55  Pylon  
  57  9:05  Photon Cannon  
  57  9:19  Photon Cannon  
  57  9:43  Observer (Chrono Boost)  
  57  9:52  Photon Cannon  
  57  9:56  Photon Cannon  
  57  10:10  Colossus (Chrono Boost)  
  57  10:13  Assimilator  
  63  10:33  Extended Thermal Lance (Chrono Boost)  
  61  10:48  Phoenix  
  55  10:50  Stalker  
  57  11:06  Phoenix  
  57  11:14  Pylon  
  57  11:29  Photon Cannon  
  57  11:34  Stalker  
  51  11:45  Zealot  
  43  11:52  Zealot  
  43  12:03  Pylon  
  43  12:07  Probe  
  44  12:17  Probe  
  44  12:18  Observer Gravitic Boosters (Chrono Boost)  
  45  12:28  Probe  
  46  12:43  Phoenix (Chrono Boost)  
  44  12:46  Stalker  
  44  12:47  Stalker  
  44  13:02  Photon Cannon  
  44  13:08  High Templar  
  43  13:24  Phoenix (Chrono Boost)  
  45  13:37  Photon Cannon  
  45  13:43  Probe  
  45  13:48  Assimilator  
  46  14:01  Zealot x2  
  50  14:09  High Templar  
  52  14:35  High Templar  
  54  14:46  Zealot x3  
  49  15:17  Pylon  
  49  15:33  Nexus  
  49  15:48  Probe  
  50  16:13  Probe  
  51  16:21  Psionic Storm  
  51  16:39  Probe  
  52  16:54  High Templar  
  54  17:03  High Templar  
  56  17:13  Probe  
  57  17:24  Probe  
  57  17:29  Pylon  
  58  17:37  Probe  
  59  17:47  Probe  
  60  17:51  Phoenix  
  60  17:58  Phoenix  
  60  18:03  Probe  
  49  18:14  Probe  
  49  18:18  Probe  
  49  18:19  Photon Cannon  
  51  18:28  Probe  
  51  18:30  Probe  
  53  18:58  Stalker  
  46  19:34  Pylon  
  46  19:38  Zealot x2  
  48  19:39  Zealot x2  
  54  19:46  Pylon  
  54  19:48  Gravitic Drive  
  54  19:58  Dark Shrine  
  54  20:01  Photon Cannon  
  54  20:04  Probe, Photon Cannon  
  55  20:23  Colossus (Chrono Boost)  
  61  20:28  Probe  
  61  20:33  Probe  
  63  20:39  Probe  
  64  20:46  Pylon  
  64  20:51  High Templar  
  64  20:52  High Templar  
  68  21:00  Stalker  
  68  21:20  Probe  
  68  21:24  Probe  
  70  21:30  Protoss Air Armor Level 1  
  70  21:31  Probe  
  71  21:37  Probe, Zealot x4  
  80  21:48  Assimilator  
  80  21:54  Assimilator  
  80  22:00  Photon Cannon  
  80  22:07  High Templar  
  80  22:10  Zealot x3  
  80  22:15  Observer (Chrono Boost)  
  67  22:52  Zealot  
  33  23:12  Zealot  
  33  23:13  Zealot x3  
Show
View Real Time Build Order
Export as new Build Order

xXkazperXx Zerg - Winner!

Build Orders: Pool First 

Get SALT Encoding   

  12  0:02  Drone  
  13  0:18  Drone  
  13  0:19  Overlord  
  14  0:38  Spawning Pool  
  14  0:40  Drone  
  14  1:00  Drone x3  
  17  1:16  Drone  
  18  1:32  Queen  
  18  1:33  Extractor  
  18  1:35  Drone x2  
  21  1:45  Spine Crawler  
  20  1:47  Drone  
  21  1:56  Zergling x2  
  22  2:08  Zergling x2, Roach Warren  
  22  2:18  Overlord  
  22  2:26  Extractor  
  21  2:31  Zergling x2  
  22  2:47  Zergling x2  
  22  2:48  Zergling x6  
  26  2:59  Drone  
  27  3:25  Roach  
  27  3:26  Overlord  
  29  3:58  Roach  
  29  3:59  Roach x2  
  34  4:11  Lair  
  34  4:14  Roach  
  36  4:17  Overlord  
  36  4:23  Evolution Chamber  
  35  4:36  Hatchery  
  34  4:56  Drone x3  
  34  4:57  Drone x2  
  39  5:27  Pneumatized Carapace  
  39  5:31  Roach x3  
  45  5:57  Roach x3  
  51  6:29  Overlord x3  
  51  6:40  Hydralisk Den  
  51  6:41  Metabolic Boost  
  50  7:02  Overseer  
  50  7:06  Roach x6  
  62  7:36  Hydralisk x4  
  70  7:54  Hydralisk x2  
  70  7:56  Overlord x2  
  74  8:03  Burrow  
  74  8:08  Spire  
  74  8:10  Drone x2  
  67  9:17  Drone x2  
  67  9:18  Drone x4  
  67  9:48  Mutalisk x6  
  67  9:49  Mutalisk  
  81  10:09  Mutalisk  
  81  10:11  Overlord x3  
  77  11:06  Mutalisk x5  
  77  11:09  Drone x7  
  94  11:15  Extractor  
  93  11:20  Extractor  
  92  11:31  Hatchery  
  61  11:49  Mutalisk x2  
  47  12:03  Mutalisk  
  49  12:17  Zergling x12  
  55  13:00  Roach x7  
  69  13:37  Hydralisk x4  
  69  13:38  Hydralisk x2  
  79  14:10  Zergling x8  
  83  14:19  Drone x5  
  88  14:37  Extractor  
  87  14:40  Extractor  
  80  15:15  Mutalisk x8  
  80  15:16  Mutalisk  
  98  15:32  Overlord x3  
  96  16:27  Hydralisk x7  
  96  16:28  Hydralisk x2  
  114  16:56  Drone x2  
  114  17:00  Lurker Den  
  116  17:02  Zerg Flyer Weapons Level 1  
  116  17:32  Infestation Pit  
  116  17:34  Zerg Missile Weapons Level 1  
  106  17:46  Drone x8  
  106  17:47  Drone  
  97  18:15  Drone x6  
  47  19:17  Hydralisk x6  
  47  19:18  Hydralisk x3  
  51  19:39  Mutalisk x3  
  51  19:41  Mutalisk x3  
  63  19:46  Queen  
  65  19:56  Roach  
  65  19:57  Roach x2  
  71  20:00  Tunneling Claws  
  71  20:02  Hive  
  71  20:03  Zerg Missile Weapons Level 2  
  71  20:04  Zerg Flyer Weapons Level 2  
  71  20:17  Mutalisk x2  
  71  20:18  Zergling x6  
  71  20:19  Zergling x12  
  84  20:24  Drone  
  85  20:29  Drone x2  
  87  20:37  Zergling x8  
  91  20:43  Lurker  
  91  20:46  Lurker  
  93  20:57  Hydralisk x7  
  86  21:24  Lurker x3  
  89  21:32  Zergling x8, Hydralisk  
  93  21:34  Zergling x2  
  93  21:35  Zergling x6  
  82  23:01  Mutalisk x7  
  62  23:30  Zergling x14  
  62  23:31  Zergling x2  
Tags
 
Add a new tag
Caveats
  • Supply blocks, unpowered buildings, or Contaminate may cause inaccurate times.
  • Supply counts are checked every 10 seconds.